 Dungeon Crawl Stone Soup version 0.21.1-1-g345015f (webtiles) character file.

14620 sking99 the Brawler (level 11, -1/117 HPs)
             Began as a Troll Monk on June 30, 2018.
             Slain by a seven-headed hydra (13 damage)
             ... on level 11 of the Dungeon.
             The game lasted 00:25:00 (9315 turns).

sking99 the Brawler (Troll Monk)                    Turns: 9315, Time: 00:25:01

Health: -1/117     AC:  9    Str: 22    XL:     11   Next: 91%
Magic:  10/10      EV: 10    Int:  6    God:
Gold:   555        SH:  0    Dex: 14    Spells: 10/10 levels left

rFire    . . .     SeeInvis .   a - +0 whip (elec)
rCold    . . .     Gourm    +   (no shield)
rNeg     . . .     Faith    .   M - +0 troll leather armour
rPois    .         Spirit   .   s - +2 hat
rElec    .         Reflect  .   k - scarf {cloud immunity}
rCorr    .         Harm     .   (gloves unavailable)
MR       +....                  (boots unavailable)
Stlth    ++........             (no amulet)
HPRegen  1.09/turn              l - ring of protection from magic
MPRegen  0.12/turn              w - ring of stealth

@: hasted, very quick
A: large, unfitting armour, claws 3, fast metabolism 3, gourmand, regeneration
1, shaggy fur 1, tough skin 2
a: no special abilities


You were on level 11 of the Dungeon.
You were completely stuffed.

You visited 2 branches of the dungeon, and saw 12 of its levels.

You collected 555 gold pieces.

Inventory:

Hand Weapons
 a - a +0 whip of electrocution (weapon)
Missiles
 j - 5 large rocks
 m - 159 stones (quivered)
Armour
 k - a scarf of cloud immunity (worn)
 s - a +2 hat (worn)
 t - a +1 robe
 M - a +0 troll leather armour (worn)
Jewellery
 l - a ring of protection from magic (left claw)
 w - a ring of stealth (right claw)
 E - an uncursed ring of poison resistance {unknown}
 G - the amulet of Arghivikk {Inacc Str+4, unknown}
   (You found it on level 9 of the Dungeon)

   [amulet of inaccuracy]

   It reduces the accuracy of all your attacks.
   It affects your strength (+4).
 H - an uncursed ring of magical power {unknown}
Wands
 p - a wand of acid (9)
 u - a wand of paralysis (16)
 v - a wand of random effects (5)
 B - a wand of iceblast (18)
 D - a wand of clouds (5)
 K - a wand of digging (15)
 L - a wand of scattershot (7)
Scrolls
 g - a scroll of magic mapping {unknown}
 h - 9 scrolls of teleportation
 i - 3 scrolls of fear
 n - 2 scrolls of vulnerability {unknown}
 o - 2 scrolls of blinking
 q - a scroll of immolation
 z - 2 scrolls of enchant armour
 A - 2 scrolls of amnesia
 F - a scroll of fog
 I - a scroll of torment {unknown}
 J - 2 scrolls of remove curse
 N - a scroll of identify
Potions
 c - a potion of flight
 d - a potion of berserk rage
 e - a potion of curing
 r - a potion of magic
 x - 2 potions of cancellation {unknown}
Books
 y - a book of Power

   Spells                             Type                      Level
   a - Iskenderun's Battlesphere      Conjuration/Charms           5
   b - Venom Bolt                     Conjuration/Poison           5
   c - Bolt of Magma                  Conjuration/Fire/Earth       5
   d - Iron Shot                      Conjuration/Earth            6
   e - Orb of Destruction             Conjuration                  7
   f - Spellforged Servitor           Conjuration/Summoning        7
 C - a book of Conjurations

   Spells                             Type                      Level
   a - Magic Dart                     Conjuration                  1
   b - Searing Ray                    Conjuration                  2
   c - Dazzling Spray                 Conjuration/Hexes            3
   d - Fulminant Prism                Conjuration/Hexes            4
   e - Force Lance                    Conjuration/Translocation    4
   f - Iskenderun's Mystic Blast      Conjuration                  4
Comestibles
 b - 18 rations


   Skills:
 + Level 9.8 Fighting
 + Level 0.2 Maces & Flails
 - Level 2.4 Dodging
 - Level 1.0 Stealth
 * Level 15.3 Unarmed Combat


You had 10 spell levels left.
You didn't know any spells.

Dungeon Overview and Level Annotations

Branches:
Dungeon (11/15)            Temple (1/1) D:4             Orc (0/2) D:9
   Lair: D:8-11

Altars:
Ashenzari
Cheibriados
Dithmenos
Elyvilon
Fedhas
Gozag
Hepliaklqana
Kikubaaqudgha
Makhleb
Nemelex Xobeh
Okawaru
Qazlal
Ru
Sif Muna
Trog
Uskayaw
Vehumet
Wu Jian
Xom
Yredelemnul
Zin
The Shining One

Shops:
D:5 }   D:6 :


Innate Abilities, Weirdness & Mutations

You are too large for most types of armour.
You have claws for hands.
Your metabolism is lightning-fast.
You like to eat raw meat.
Your natural rate of healing is unusually fast.
You are covered in fur. (AC +1)
You have very tough skin. (AC +2)


Message History

The seven-headed hydra bites you but does no damage.
The seven-headed hydra bites you!
The seven-headed hydra bites you but does no damage.
The seven-headed hydra bites you.
The seven-headed hydra bites you but does no damage.
The seven-headed hydra bites you!
The seven-headed hydra bites you but does no damage. x2
The seven-headed hydra bites you!
The seven-headed hydra bites you but does no damage.
The seven-headed hydra bites you! x2
* * * LOW HITPOINT WARNING * * *
The seven-headed hydra bites you!
* * * LOW HITPOINT WARNING * * *
The seven-headed hydra bites you but does no damage.
You feel yourself speed up.
The seven-headed hydra bites you but does no damage. x2
The seven-headed hydra bites you!
* * * LOW HITPOINT WARNING * * *
The seven-headed hydra bites you!
You die...

####..#..............#..#
F.cF..##..############..#
#..#...#................#
#|##.#.##...............#
.D#.#.#.#...............#
.##.....##.#######...#..####
.#.......#......#....#......
.#.#.#.#.##.....#....####...
#.#.#.#.#@.####....#......
.......)#D.........#..)...
###############(..........#..)...
..........................####...
..........................#......
..............!...........#......
..........................#......
..........................#..#...
..#######..).#...##########......


You could see a seven-headed hydra.

Vanquished Creatures
  Gastronok (D:9)
  A centaur warrior (D:11)
  4 two-headed ogres
  A tengu warrior (D:11)
  2 unseen horrors (D:10)
  Pikel (D:9)
  The ghost of eyesofgods1 the Jinx, a novice SpEn of Ashenzari (D:6)
  A gargoyle (D:11)
  A troll (D:11)
  3 hippogriffs
  A spriggan (D:7)
  2 shadows (D:11)
  A wyvern (D:8)
  Grum (D:8)
  3 yaks (D:5)
  A hungry ghost (D:7)
  A vampire mosquito (D:11)
  A water moccasin (D:5)
  2 sky beasts
  An ice beast (D:7)
  3 phantoms
  2 black bears
  3 wolves (D:8)
  2 centaurs
  3 ogres
  2 crocodiles (D:10)
  A big kobold (D:9)
  The ghost of lotte the Magician, an amateur DEWz (D:4)
  7 bullfrogs
  A water moccasin zombie (D:10)
  2 scorpions
  A water moccasin skeleton (D:6)
  9 killer bees
  14 wights
  A howler monkey (D:2)
  3 crimson imps
  2 bullfrog zombies
  2 centaur zombies
  A quasit (D:5)
  4 hounds
  6 jellies
  2 orc priests
  2 iguanas
  2 centaur skeletons
  3 orc wizards
  A worker ant (D:3)
  A killer bee zombie (D:8)
  2 hound zombies
  A howler monkey skeleton (D:4)
  7 gnolls
  9 adders
  2 adder skeletons
  A worm (D:2)
  4 dart slugs (D:1)
  6 leopard geckos
  21 orcs
  A ball python (D:5)
  10 giant cockroaches
  5 goblins
  4 hobgoblins
  4 jackals (D:1)
  16 kobolds
  6 quokkas
  6 bats
  4 frilled lizards
  A quokka skeleton (D:5)
  4 rats
225 creatures vanquished.

Vanquished Creatures (others)
  A vampire (D:11)
  2 slaves
  A howler monkey (D:9)
  A centaur zombie (D:9)
  3 fungi (D:9)
8 creatures vanquished.

Grand Total: 233 creatures vanquished

Notes
Turn   | Place    | Note
-------+----------+-------------------------------------------
     0 | D:1      | sking99 the Troll Monk began the quest for the Orb.
     0 | D:1      | Reached XP level 1. HP: 22/22 MP: 0/0
   106 | D:1      | Reached XP level 2. HP: 29/29 MP: 1/1
   364 | D:1      | Reached XP level 3. HP: 33/36 MP: 2/2
   422 | D:1      | Reached skill level 4 in Unarmed Combat
   934 | D:2      | Reached XP level 4. HP: 30/45 MP: 3/3
  1077 | D:2      | Noticed a necrophage
  1077 | D:2      | Noticed an orc warrior
  1246 | D:2      | Reached skill level 5 in Unarmed Combat
  1246 | D:2      | Reached XP level 5. HP: 33/53 MP: 4/4
  1554 | D:3      | Found a hazy altar of Hepliaklqana.
  1946 | D:4      | Found a staircase to the Ecumenical Temple.
  1955 | Temple   | Entered the Ecumenical Temple
  2224 | D:4      | Noticed lotte's ghost (amateur DEWz)
  2232 | D:4      | Killed lotte's ghost
  2232 | D:4      | Reached skill level 6 in Unarmed Combat
  2232 | D:4      | Reached XP level 6. HP: 46/62 MP: 5/5
  2266 | D:4      | Found a burning altar of Makhleb.
  3093 | D:5      | Entered Level 5 of the Dungeon
  3208 | D:5      | Reached XP level 7. HP: 67/70 MP: 6/6
  3262 | D:5      | Reached skill level 7 in Unarmed Combat
  3627 | D:5      | Noticed a yak
  3627 | D:5      | Noticed a yak
  3631 | D:5      | Noticed a yak
  3637 | D:5      | Killed a yak
  3637 | D:5      | Reached skill level 8 in Unarmed Combat
  3641 | D:5      | Killed a yak
  3641 | D:5      | Reached skill level 5 in Fighting
  3641 | D:5      | Reached XP level 8. HP: 67/80 MP: 7/7
  3744 | D:5      | Reached skill level 9 in Unarmed Combat
  3902 | D:5      | Found Pullog's Gadget Shop.
  3989 | D:5      | Identified a scroll of acquirement
  4064 | D:6      | Noticed eyesofgods1's ghost (novice SpEn)
  4115 | D:6      | Killed eyesofgods1's ghost
  4115 | D:6      | Reached skill level 10 in Unarmed Combat
  4208 | D:6      | Reached XP level 9. HP: 81/89 MP: 8/8
  4566 | D:6      | Found Wezxoasoa's Book Boutique.
  4908 | D:7      | Found a bloodstained altar of Trog.
  4940 | D:7      | Reached skill level 11 in Unarmed Combat
  5767 | D:8      | Noticed Grum
  5780 | D:8      | Killed Grum
  5780 | D:8      | Reached XP level 10. HP: 56/102 MP: 9/9
  5784 | D:8      | Noticed a two-headed ogre
  5784 | D:8      | Reached skill level 12 in Unarmed Combat
  5871 | D:8      | Killed a two-headed ogre
  6034 | D:8      | Found an ornate altar of the Wu Jian Council.
  6349 | D:9      | Found a blossoming altar of Fedhas.
  6350 | D:9      | Noticed Pikel
  6358 | D:9      | Killed Pikel
  6397 | D:9      | Found a shattered altar of Ashenzari.
  6422 | D:9      | Found a staircase to the Orcish Mines.
  6523 | D:9      | Got a faintly glowing zirconium amulet
  6601 | D:9      | Reached skill level 13 in Unarmed Combat
  6743 | D:9      | Noticed Gastronok
  6758 | D:9      | Killed Gastronok
  6948 | D:9      | Reached XP level 11. HP: 98/113 MP: 10/10
  7179 | D:9      | Found a sparkling altar of Nemelex Xobeh.
  7295 | D:10     | Entered Level 10 of the Dungeon
  7486 | D:10     | Noticed a two-headed ogre
  7509 | D:10     | Killed a two-headed ogre
  7574 | D:10     | Noticed a two-headed ogre
  7581 | D:10     | Killed a two-headed ogre
  7581 | D:10     | Reached skill level 14 in Unarmed Combat
  7803 | D:10     | Noticed a two-headed ogre
  7811 | D:10     | Killed a two-headed ogre
  7837 | D:10     | Killed an unseen horror
  8248 | D:10     | Killed an unseen horror
  8851 | D:11     | Noticed a centaur warrior
  8851 | D:11     | Noticed a seven-headed hydra
  8851 | D:11     | Noticed a tengu warrior
  8872 | D:11     | Killed a tengu warrior
  8875 | D:11     | Reached skill level 15 in Unarmed Combat
  8888 | D:11     | Killed a centaur warrior
  9315 | D:11     | Slain by a seven-headed hydra

Skill      XL: |  1  2  3  4  5  6  7  8  9 10 11 |
---------------+----------------------------------+-----
Unarmed Combat | 4 5 6 8 10 11 13 15 | 15.3
Fighting       | 3 4 5 6 7 8 9 |  9.8
Maces & Flails | |  0.2
Dodging        | |  2.4
Stealth        | |  1.0

Action                   |  1- 3 |  4- 6 |  7- 9 | 10-12 || total
-------------------------+-------+-------+-------+-------++-------
Melee: Unarmed           |    83 |   149 |   221 |   232 ||   685
       Punch             |       |     1 |     6 |    17 ||    24
       Whip              |       |       |       |     1 ||     1
Throw: Stone             |       |     3 |       |       ||     3
Evoke: Wand              |       |       |       |     1 ||     1
  Use: Scroll            |       |    12 |     6 |     5 ||    23
       Potion            |       |       |       |     6 ||     6
 Stab: Sleeping          |     1 |     2 |     4 |     6 ||    13
       Invisible         |       |       |       |     2 ||     2
       Distracted        |       |       |       |     1 ||     1
  Eat: Chunk             |    14 |    13 |    34 |    29 ||    90
       Ration            |       |       |       |     1 ||     1
Armor: Robe              |    40 |    44 |    62 |    54 ||   200
       Skin              |       |       |       |    19 ||    19
       Troll leather arm |       |       |       |    13 ||    13
Dodge: Dodged            |    43 |    85 |    86 |    81 ||   295
